 Dungeon Crawl Stone Soup version 0.28.0-49-g6dfe1f597d (webtiles) character file.

Game seed: 17168244410159873523

16861 jempyr the Basher (level 12, -3/116 HPs)
             Began as a Minotaur Berserker on May 19, 2022.
             Was an Elder of Trog.
             Slain by a two-headed ogre
             ... wielding a +0 giant club
              (6 damage)
             ... on level 2 of the Orcish Mines.
             The game lasted 01:29:44 (14553 turns).

jempyr the Basher (Minotaur Berserker)             Turns: 14553, Time: 01:29:45

Health: -3/116     AC: 22    Str: 25    XL:     12   Next: 13%
Magic:  0/11       EV:  9    Int:  4    God:    Trog [****..]
Gold:   1014       SH: 12    Dex: 19    Spells: 11/11 levels left

rFire   x . .      SeeInvis .   u - +7 captain's cutlass {speed, disarm}
rCold   + + .      Faith    .   I - +0 kite shield
rNeg    . . .      Spirit   +   q - +2 plate armour {rC+}
rPois   .          Reflect  .   (helmet restricted)
rElec   .          Harm     .   (no cloak)
rCorr   +          Rampage  .   J - +1 pair of gloves
Will    ++...                   E - +2 pair of boots of the Vaults {Dex+7}
Stlth   ..........              f - amulet of guardian spirit
HPRegen 1.29/turn               K - ring of resist corrosion
MPRegen 0.12/turn               m - ring of ice

@: strong-willed, on berserk cooldown, regenerating, slowed, very slow
A: horns 2, retaliatory headbutt
a: Renounce Religion, Berserk, Trog's Hand, Brothers in Arms


You were on level 2 of the Orcish Mines.
You worshipped Trog.
Trog was greatly pleased with you.
You visited 2 branches of the dungeon, and saw 14 of its levels.

You collected 1014 gold pieces.

Inventory:

Hand Weapons
 a - a +0 mace
 u - the +7 captain's cutlass (weapon) {speed, disarm}
   (You found it on level 5 of the Dungeon)

   Attacks with this weapon are significantly faster.
   It may disarm weapon-wielding foes when striking them, dealing extra damage
   in the process.
 B - a +3 shortbow
 D - a +0 club
Missiles
 e - 164 arrows
 F - 19 poisoned darts (quivered)
Armour
 i - a +2 buckler
 q - a +2 plate armour of cold resistance (worn)
 E - the +2 pair of boots of the Vaults (worn) {Dex+7}
   (You found it on level 6 of the Dungeon)

   Dex:       It affects your dexterity (+7).
 I - a +0 kite shield (worn)
 J - a +1 pair of gloves (worn)
Jewellery
 f - an amulet of guardian spirit (around neck)
 m - a ring of ice (right hand)
 K - a ring of resist corrosion (left hand)
Wands
 d - a wand of polymorph (6)
 v - a wand of iceblast (26)
 w - a wand of digging (10)
 y - a wand of paralysis (18)
 C - a wand of charming (8)
 H - a wand of flame (34)
Scrolls
 c - a scroll of holy word {unknown}
 g - 7 scrolls of teleportation
 k - 10 scrolls of identify {unknown}
 n - 5 scrolls of enchant weapon {unknown}
 o - 2 scrolls of brand weapon {unknown}
 p - 3 scrolls of noise {unknown}
 s - a scroll of vulnerability {unknown}
 t - 4 scrolls of fear {unknown}
 G - 2 scrolls of immolation {unknown}
 N - a scroll of acquirement {unknown}
Potions
 b - 4 potions of curing {unknown}
 h - a potion of might {unknown}
 j - 2 potions of heal wounds {unknown}
 l - 3 potions of lignification {unknown}
 r - 4 potions of resistance
 x - 2 potions of invisibility {unknown}
 z - 2 potions of ambrosia {unknown}
 A - a potion of cancellation {unknown}
 L - a potion of brilliance {unknown}
 M - a potion of flight {unknown}
Miscellaneous
 O - a tin of tremorstones (2/2)


   Skills:
 + Level 13.8 Fighting
 - Level 2.0 Short Blades
 - Level 14.0 Maces & Flails
 - Level 0.6 Throwing
 * Level 10.2 Armour
 * Level 5.6 Dodging
 * Level 8.3 Shields


You had 11 spell levels left.
You didn't know any spells.
Your spell library was empty.

Dungeon Overview and Level Annotations

Branches:
Dungeon (12/15)            Temple (0/1) D:7            Lair (0/6) D:10
    Orc (2/2) D:9
    Elf: Orc:2

Altars:
Yredelemnul

Shops:
Orc:2 ([

Annotations:
D:8 Grum


Innate Abilities, Weirdness & Mutations

You have a pair of horns on your head.
You reflexively headbutt those who attack you in melee.


Message History

You feel sick.
The orc priest calls down the wrath of Beogh upon you.
Beogh smites you!
* * * LOW HITPOINT WARNING * * *
The two-headed ogre barely misses you.
The two-headed ogre hits you with a +0 giant club!
* * * LOW HITPOINT WARNING * * *
The ogre barely misses you. You furiously retaliate!
You headbutt the ogre! You block the ogre's attack.
The ogre mage casts a spell at the ogre.
The ogre seems to speed up.
The orc warrior barely misses you.
The orc wizard gestures at you while chanting.
The puff of flame hits you but does no damage.
You feel sick.
You are no longer poisoned.
The ogre barely misses you. x2; You furiously retaliate!
You headbutt the ogre! You block the orc's attack.
The orc wizard gestures wildly while chanting.
The orc wizard flickers and vanishes!
The ogre mage points at the two-headed ogre and mumbles some strange words.
The two-headed ogre seems to speed up.
The ogre barely misses you. The ogre hits you with a +0 giant club!
* * * LOW HITPOINT WARNING * * *
The orc priest begins to cast a cantrip, but forgets the words!
You block the two-headed ogre's attack.
The two-headed ogre hits you with a +0 giant spiked club!
* * * LOW HITPOINT WARNING * * *
You block the ogre's attack.
The orc priest hits you but does no damage.
You puncture the orc priest!
You headbutt the orc priest, but do no damage.
The orc priest is almost dead.
The orc no longer looks unusually strong.
You block the two-headed ogre's attack. x2; The ogre barely misses you.
The ogre mage hits you with a +0 flail!
* * * LOW HITPOINT WARNING * * *
The two-headed ogre hits you with a +0 giant club.
* * * LOW HITPOINT WARNING * * *
The two-headed ogre hits you with a +0 giant spiked club.
You die...

.......................O..
...............<..........
......o...$....)......§..O
....{oo#..O....^#O....O.TO
.....o.o#o.#....#....∩....
..#..oooo.......T.T....#..
#...#TooOo.O.....##### #
.....o.##OOOTo.$...#
.$##..# #O@#.<.....# . #.#
#.oOOo...#...#
...................
..#...##............
...#...#...$......#.# #.
##......#.......## #
....#..$###.## .#.. #.##
##


You could see an orc knight, 3 two-headed ogres, 2 ogre magi, 2 deep trolls, a
troll, 2 orc warriors, 4 ogres, 2 orc priests, 2 orc wizards and 9 orcs.

Vanquished Creatures
  A boulder beetle (D:11)
  Fannar (D:10)
  3 two-headed ogres
  A slime creature (D:12)
  An ugly thing (D:12)
  2 cyclopes (D:12)
  2 manticores (D:12)
  Maggie (D:8)
  A kobold demonologist (D:11)
  3 trolls (Orc:1)
  Grinder (D:6)
  Prince Ribbit (D:8)
  11 yaks (D:9)
  2 wyverns
  3 wraiths
  3 steam dragons
  2 wargs (D:9)
  An acid dragon (D:9)
  A water moccasin (D:5)
  Duvessa (D:7)
  18 orc warriors
  2 ice beasts (D:6)
  14 ogres
  3 wolves (D:8)
  2 phantoms
  2 centaurs (D:6)
  2 wyvern zombies
  3 bullfrogs
  4 gnoll sergeants
  3 scorpions
  A wyvern skeleton (D:6)
  Dowan (D:7)
  5 wights (D:5)
  10 killer bees
  2 electric eels (D:9)
  5 centaur zombies
  A bullfrog zombie (D:6)
  A centaur skeleton (D:7)
  2 hounds
  8 orc priests
  5 iguanas
  8 orc wizards
  A killer bee zombie (D:6)
  2 howler monkey zombies
  4 adders
  19 gnolls
  2 worms
  A dart slug (D:3)
  43 orcs
  2 bats
  5 endoplasms
  5 giant cockroaches
  7 goblins
  12 hobgoblins
  6 jackals (D:1)
  5 kobolds
  3 quokkas
  6 ball pythons
  A frilled lizard (D:3)
  10 rats
278 creatures vanquished.

Vanquished Creatures (collateral kills)
  An orc (Orc:2)
1 creature vanquished.

Vanquished Creatures (others)
  2 orc wizards
  An orc (D:9)
3 creatures vanquished.

Grand Total: 282 creatures vanquished

Notes
Turn   | Place    | Note
-------+----------+-------------------------------------------
     0 | D:1      | jempyr the Minotaur Berserker began the quest for the Orb.
     0 | D:1      | Reached XP level 1. HP: 19/19 MP: 0/0
    54 | D:1      | Reached skill level 4 in Maces & Flails
   170 | D:1      | Found a faded altar of an unknown god.
   192 | D:1      | Reached XP level 2. HP: 26/27 MP: 1/1
   936 | D:1      | Reached XP level 3. HP: 33/33 MP: 2/2
  1080 | D:1      | Reached ** piety under Trog
  1483 | D:2      | Reached skill level 5 in Maces & Flails
  2266 | D:3      | Reached XP level 4. HP: 38/40 MP: 3/3
  3208 | D:4      | Noticed a scorpion
  3220 | D:4      | Killed a scorpion
  3221 | D:4      | Reached skill level 6 in Maces & Flails
  3221 | D:4      | Reached XP level 5. HP: 47/47 MP: 4/4
  3304 | D:4      | Reached skill level 7 in Maces & Flails
  3500 | D:4      | Noticed a phantom
  3506 | D:4      | Killed a phantom
  3507 | D:4      | Reached XP level 6. HP: 55/55 MP: 5/5
  3722 | D:5      | Entered Level 5 of the Dungeon
  3751 | D:5      | Reached skill level 8 in Maces & Flails
  3869 | D:5      | Found the +7 captain's cutlass {speed, disarm}
  3878 | D:5      | Reached skill level 5 in Fighting
  4044 | D:5      | Reached XP level 7. HP: 47/61 MP: 6/6
  4156 | D:5      | Reached skill level 9 in Maces & Flails
  4241 | D:5      | Reached skill level 1 in Short Blades
  4245 | D:5      | Reached skill level 10 in Maces & Flails
  4938 | D:6      | Reached XP level 8. HP: 68/70 MP: 7/7
  5012 | D:6      | Reached skill level 11 in Maces & Flails
  5177 | D:6      | Found a transporter.
  5390 | D:6      | Found a transporter.
  5758 | D:6      | Reached skill level 12 in Maces & Flails
  5822 | D:6      | Identified the +2 pair of boots of the Vaults {Dex+7}
  5989 | D:6      | Noticed Grinder
  5997 | D:6      | Killed Grinder
  5998 | D:6      | Reached XP level 9. HP: 81/81 MP: 8/8
  6768 | D:7      | Noticed Dowan
  6781 | D:7      | Killed Dowan
  6814 | D:7      | Noticed Duvessa
  6825 | D:7      | Killed Duvessa
  7267 | D:7      | Found a basalt altar of Yredelemnul.
  7355 | D:7      | Reached skill level 1 in Shields
  7368 | D:7      | Reached skill level 13 in Maces & Flails
  7371 | D:7      | Reached *** piety under Trog
  7648 | D:7      | Found a staircase to the Ecumenical Temple.
  7810 | D:8      | Noticed Prince Ribbit
  7814 | D:8      | Killed Prince Ribbit
  7832 | D:8      | Noticed Maggie
  7844 | D:8      | Killed Maggie
  7845 | D:8      | Reached skill level 10 in Fighting
  8098 | D:8      | Noticed Grum
  8121 | D:8      | Reached XP level 10. HP: 95/95 MP: 7/9
  8181 | D:8      | Identified the +1 robe of Repulsion {rN+}
  9151 | D:9      | Reached skill level 14 in Maces & Flails
  9564 | D:9      | Found a staircase to the Orcish Mines.
 10250 | D:9      | Reached skill level 5 in Armour
 10580 | D:10     | Entered Level 10 of the Dungeon
 10642 | D:10     | Noticed Fannar
 10668 | D:10     | Killed Fannar
 10719 | D:10     | Reached XP level 11. HP: 107/107 MP: 10/10
 10754 | D:10     | Noticed a two-headed ogre
 10766 | D:10     | Killed a two-headed ogre
 10951 | D:10     | Found a staircase to the Lair.
 11038 | D:10     | Noticed a two-headed ogre
 11041 | D:10     | Killed a two-headed ogre
 11115 | D:10     | You fall into a shaft and drop 1 floor!
 11160 | D:11     | Reached skill level 5 in Shields
 11504 | D:11     | Noticed a boulder beetle
 11529 | D:11     | Killed a boulder beetle
 12756 | D:12     | Reached skill level 5 in Dodging
 13039 | D:12     | Noticed a white ugly thing
 13058 | D:12     | Killed a white ugly thing
 13335 | Orc:1    | Entered Level 1 of the Orcish Mines
 13494 | Orc:1    | Reached **** piety under Trog
 14051 | Orc:2    | Entered Level 2 of the Orcish Mines
 14051 | Orc:2    | Found Zoisuvuq's Antique Weapon Shoppe.
 14051 | Orc:2    | Found Dikulo's Antique Armour Emporium.
 14059 | Orc:2    | Noticed a two-headed ogre
 14069 | Orc:1    | Reached XP level 12. HP: 73/116 MP: 5/11
 14454 | Orc:1    | Killed a two-headed ogre
 14455 | Orc:1    | Reached skill level 10 in Armour
 14530 | Orc:2    | Noticed a two-headed ogre
 14532 | Orc:2    | Noticed a two-headed ogre
 14533 | Orc:2    | Noticed an ogre mage
 14534 | Orc:2    | Noticed an ogre mage
 14546 | Orc:2    | Noticed a two-headed ogre
 14553 | Orc:2    | HP: 5/116 [ogre mage/+0 flail (7)]
 14553 | Orc:2    | Slain by a two-headed ogre

Illustrated notes

Levels and vault maps discovered:
D:1:      elethiomel_arrival_shortcut, layout_basic,
          ebering_ecumenical_altar_hall, minmay_octomino_j4
D:2:      layout_basic, grunt_ministairs_2
D:3:      layout_loops_ring, minmay_crystal_water
D:4:      layout_basic
D:5:      layout_rooms, dk_noncrumbling_2, kennysheep_donut
D:6:      gammafunk_cloud_chamber, layout_loops_corners, uniq_grinder
D:7:      layout_basic, overflow_temple_1_default,
          minmay_temple_entry_overgrown, minmay_misc_feat_square, uniq_duvessa
D:8:      layout_rooms, uniq_prince_ribbit1, uniq_maggie, uniq_grum
D:9:      layout_basic, erik_orc_2
D:10:     layout_loops_cross, lair_entry_dummy, uniq_fannar
D:11:     layout_basic
D:12:     layout_roguey, minivault_16
Orc:1:    layout_caves
Orc:2:    st_orc_open, layout_caves, nicolae_orc_sculptors_studio

Skill      XL: |  1  2  3  4  5  6  7  8  9 10 11 12 |
---------------+-------------------------------------+-----
Maces & Flails | 4 5 6 7 8 10 12 13 14 | 14.0
Fighting       | 4 5 7 11 13 | 13.8
Short Blades   | 2 |  2.0
Shields        | 1 4 7 8 |  8.3
Armour         | 5 9 10 | 10.2
Dodging        | 3 5 |  5.6
Throwing       | |  0.6

Action                   |  1- 3 |  4- 6 |  7- 9 | 10-12 || total
-------------------------+-------+-------+-------+-------++-------
Melee: Mace              |    95 |    69 |       |       ||   164
       Headbutt          |    11 |    15 |    36 |    90 ||   152
       Punch             |     1 |     1 |     1 |       ||     3
       Cutlass           |       |    13 |   193 |   403 ||   609
 Fire: Shortbow          |       |       |       |     5 ||     5
Throw: Dart              |       |       |     1 |       ||     1
       Throwing net      |       |       |       |     1 ||     1
Invok: Berserk           |     2 |     2 |     9 |    16 ||    29
       Trog's Hand       |       |     1 |     5 |     6 ||    12
       Brothers in Arms  |       |       |       |     1 ||     1
  Use: Scroll            |       |       |       |     1 ||     1
Armor: Animal skin       |     6 |       |       |       ||     6
       Scale mail        |     6 |    21 |    31 |       ||    58
       Chain mail        |       |       |    38 |       ||    38
       Plate armour      |       |       |    23 |   182 ||   205
Dodge: Dodged            |    35 |    30 |    58 |   130 ||   253
Block: Kite shield       |       |       |    18 |   210 ||   228
       Buckler           |       |       |    12 |       ||    12
